 Dungeon Crawl Stone Soup version 0.28.0-49-g6dfe1f597d (webtiles) character file.

Game seed: 5728341009330895150

58 Atelerd the Digger (level 4, -1/27 HPs)
             Began as an Octopode Earth Elementalist on May 12, 2022.
             Killed by divine providence
             ... invoked by an orc priest
              (15 damage)
             ... on level 3 of the Dungeon on May 13, 2022.
             The game lasted 00:01:52 (2007 turns).

Atelerd the Digger (Octopode Earth Elementalist)    Turns: 2007, Time: 00:01:53

Health: -1/27      AC:  1    Str:  7    XL:     4   Next: 1%
Magic:  8/8        EV: 28    Int: 19    God:
Gold:   117        SH:  0    Dex: 12    Spells: 7/8 levels left

rFire   . . .      SeeInvis .   j - +1 dagger (holy)
rCold   . . .      Faith    .   (no shield)
rNeg    . . .      Spirit   .   (helmet restricted)
rPois   .          Reflect  .   f - amulet of the acrobat
rElec   .          Harm     .   (no ring)
rCorr   .          Rampage  .   (no ring)
Will    .....                   (no ring)
Stlth   +++.......              (no ring)
HPRegen 0.09/turn               (no ring)
MPRegen 0.11/turn               (no ring)
                                (no ring)
                                (no ring)

@: acrobatic
A: almost no armour, amphibious, 8 rings, camouflage 1, gelatinous body 1,
(nimble swimmer 1), tentacles
a: no special abilities


You were on level 3 of the Dungeon.
You visited 1 branch of the dungeon, and saw 3 of its levels.

You collected 117 gold pieces.

Inventory:

Hand Weapons
 c - a +0 dagger
 j - a +1 dagger of holy wrath (weapon)
Missiles
 b - 82 stones
Magical Staves
 a - a staff of earth
Jewellery
 f - an amulet of the acrobat (around mantle)
Scrolls
 d - a scroll of enchant weapon {unknown}
 e - 2 scrolls of identify {unknown}
 h - a scroll of enchant armour {unknown}
 i - a scroll of holy word {unknown}
Potions
 g - a potion of flight {unknown}


   Skills:
 + Level 0.1 Fighting
 + Level 0.2 Short Blades
 - Level 2.0 Dodging
 - Level 2.6 Stealth
 + Level 0.2 Unarmed Combat
 + Level 2.9 Spellcasting
 + Level 1.1 Transmutations
 + Level 3.9 Earth Magic


You had 7 spell levels left.
You knew the following spells:

 Your Spells              Type           Power      Damage    Failure   Level
a - Sandblast             Erth           34%        2d9       3%          1

Your spell library contained the following spells:

 Spells                   Type           Power      Damage    Failure   Level
 Passwall                 Tmut/Erth      10%        N/A       9%          2
 Stone Arrow              Conj/Erth      20%        3d8       21%         3
 Petrify                  Tmut/Erth      12%        N/A       47%         4


Dungeon Overview and Level Annotations

Branches:
Dungeon (3/15)

Altars:
Ru

Shops:
D:2 [


Innate Abilities, Weirdness & Mutations

You cannot wear most types of armour.
You are amphibious.
You can wear up to eight rings at the same time.
Your skin changes colour to match your surroundings (Stealth+).
Your rubbery body absorbs attacks. (AC +1, EV +1)
((You are camouflaged when in or above water. (Stealth+)))
You have tentacles for arms and can constrict up to eight enemies at once.


Message History

The bat closely misses you.
The bat struggles to escape constriction.
A bat is nearby!
You barely miss the bat. You squeeze the bat.
You kill the bat!
No target in view!
You see here a bat corpse.
There is a stone staircase leading down here.
A kobold comes into view. It is wielding a +0 dagger.
A kobold is nearby!
A kobold is nearby!
The helpless kobold fails to defend itself.
You puncture the kobold!
You kill the kobold!
You have reached level 4!
b - 71 stones (gained 2)
You see here a +0 dagger.
No target in view!
Found a stone staircase leading up.
No target in view!
You now have 117 gold pieces (gained 19).
Key pressed, stopping explore.
No target in view!
b - 82 stones (gained 11)
Found a hunting sling.
No target in view! 2 orcs come into view. 2 orcs come into view.
An orc priest and 2 orcs come into view.
The orc priest is wielding a +0 vorpal flail.
The orc shouts! x5
There are monsters nearby!
The orc shouts!
The orc priest mumbles some strange prayers to Beogh against you.
Beogh smites you!
Found 30 gold pieces.
Found a stone staircase leading down.
The orc priest mumbles some strange prayers to Beogh against you.
Beogh smites you!
Ouch! That really hurt!
You die...

>. ##.
#..########
#.........##
#..........#
#.....oo...$
#....o..o..⌠
#...@......$
#....ooo...#
#.........##
###..########
#..........
##.#.####..#
#......... .
#..######)
.#######..##


You could see an orc priest and 6 orcs.

Vanquished Creatures
  An adder (D:2)
  A dart slug (D:1)
  4 ball pythons
  4 endoplasms
  4 giant cockroaches (D:1)
  4 goblins
  4 hobgoblins
  4 jackals (D:1)
  4 bats
  3 frilled lizards
  4 kobolds
  8 rats
45 creatures vanquished.

Notes
Turn   | Place    | Note
-------+----------+-------------------------------------------
     0 | D:1      | Atelerd the Octopode Earth Elementalist began the quest for
                  | the Orb.
     0 | D:1      | Reached XP level 1. HP: 11/11 MP: 3/3
   116 | D:1      | Reached XP level 2. HP: 17/17 MP: 1/5
   427 | D:1      | Found a faded altar of an unknown god.
   512 | D:1      | Reached XP level 3. HP: 21/21 MP: 4/6
  1303 | D:2      | Found Qutzorih's Armour Shop.
  1534 | D:2      | Found a sacrificial altar of Ru.
  1976 | D:3      | Reached XP level 4. HP: 27/27 MP: 8/8
  2007 | D:3      | Killed from afar by an orc priest

Illustrated notes

Levels and vault maps discovered:
D:1:      heliophobic_arrival_ceremonial_halls, layout_loops_ring,
          ebering_ecumenical_altar_abandoned
D:2:      layout_basic, serial_shops, nicolae_shop_waterfront, basic_altar,
          grunt_ministairs_7
D:3:      cheibrodos_pilgrimage, layout_loops_ring

Action                   |  1- 3 |  4- 6 || total
-------------------------+-------+-------++-------
Melee: Unarmed           |    16 |       ||    16
       Constrict         |    20 |       ||    20
       Tentacles         |    14 |       ||    14
       Staff             |    12 |       ||    12
       Dagger            |    34 |       ||    34
       Punch             |     1 |       ||     1
 Cast: Sandblast         |    26 |       ||    26
  Use: Potion            |     1 |       ||     1
 Stab: Sleeping          |     8 |       ||     8
Armor: Skin              |     6 |       ||     6
Dodge: Dodged            |    56 |       ||    56
